 Dungeon Crawl Stone Soup version 0.28-a0-422-gd71735c (webtiles) character file.

Game seed: 11107776985983677832

42 Sixotanaka the Chiller (level 3, 0/24 HPs)
             Began as a Merfolk Ice Elementalist on Sept 8, 2021.
             Was a Follower of Vehumet.
             Slain by a gnoll (13 damage)
             ... on level 2 of the Dungeon.
             The game lasted 00:05:42 (1733 turns).

Sixotanaka the Chiller (Merfolk Ice Elementalist)   Turns: 1733, Time: 00:05:43

Health: 0/24       AC:  2    Str:  8    XL:     3   Next: 54%
Magic:  6/6        EV: 12    Int: 15    God:    Vehumet [*.....]
Gold:   49         SH:  0    Dex: 14    Spells: 5/6 levels left

rFire   x . .      SeeInvis .   h - +0 spear
rCold   + . .      Faith    .   (no shield)
rNeg    . . .      Spirit   .   a - +0 robe
rPois   .          Reflect  .   (no helmet)
rElec   .          Harm     .   (no cloak)
rCorr   .          Rampage  .   (no gloves)
Will    .....                   (no boots)
Stlth   ++........              (no amulet)
HPRegen 0.08/turn               b - ring of ice
MPRegen 0.10/turn               c - ring of flight

@: flying
A: (nimble swimmer 2), mertail
a: Renounce Religion


You were on level 2 of the Dungeon.
You worshipped Vehumet.
Vehumet was aware of your devotion.
You visited 1 branch of the dungeon, and saw 2 of its levels.

You collected 49 gold pieces.

Inventory:

Hand Weapons
 h - a +0 spear (weapon)
Armour
 a - a +0 robe (worn)
Jewellery
 b - a ring of ice (left hand)
 c - a ring of flight (right hand)
Scrolls
 f - a scroll of fog {unknown}
 g - a scroll of immolation {unknown}
 i - a scroll of teleportation {unknown}
Potions
 d - a potion of invisibility {unknown}
 e - a potion of curing {unknown}


   Skills:
 + Level 1.6 Polearms
 - Level 2.6 Dodging
 - Level 2.1 Stealth
 - Level 2.0 Spellcasting
 + Level 5.5 Ice Magic


You had 5 spell levels left.
You knew the following spells:

 Your Spells              Type           Power      Damage    Failure   Level
a - Freeze                Ice            100%       1d11      2%          1

Your spell library contained the following spells:

 Spells                   Type           Power      Damage    Failure   Level
 Sandblast                Erth           2%         2d4       22%         1
 Frozen Ramparts          Ice            54%        1d7       7%          3
 Ozocubu's Armour         Ice            27%        N/A       7%          3
 Hailstorm                Conj/Ice       14%        3d5       56%         4


Dungeon Overview and Level Annotations

Branches:
Dungeon (2/15)

Altars:
Vehumet
Xom


Innate Abilities, Weirdness & Mutations

((You are quick and stealthy near water. (Stealth+, EV+, Speed+++)))
Your lower body shifts to a powerful aquatic tail in water.


Message History

You feel a surge of power!
You miscast Freeze.
You are very lightly contaminated with residual magic.
Nothing appears to happen.
The rat closely misses you.
Casting: Freeze (safe; 2% risk of failure)
Confirm with . or Enter, or press ? or * to list all spells.
Aiming: Freeze (safe; 2% risk of failure)
Press: ? - help, Shift-Dir - straight line, f/p - rat
Aim: a rat You feel a surge of power!
You freeze the rat.
You kill the rat!
Vehumet accepts your kill.
You feel your power returning.
Your magical contamination has completely faded away.
You see here a rat corpse.
i - a scroll labelled HURHO VADUG An endoplasm comes into view.
The endoplasm quivers.
Casting: Freeze (safe; 2% risk of failure)
Confirm with . or Enter, or press ? or * to list all spells.
Aiming: Freeze (safe; 2% risk of failure)
Press: ? - help, Shift-Dir - straight line, f - endoplasm
Aim: an endoplasm You feel a surge of power!
You freeze the endoplasm.
The endoplasm is almost dead.
The endoplasm closely misses you.
Casting: Freeze (safe; 2% risk of failure)
Confirm with . or Enter, or press ? or * to list all spells.
Aiming: Freeze (safe; 2% risk of failure)
Press: ? - help, Shift-Dir - straight line, f/p - endoplasm
Aim: an endoplasm (almost dead)
You feel a surge of power!
You freeze the endoplasm.
You kill the endoplasm!
Vehumet accepts your kill. 3 gnolls come into view.
The gnoll shouts! x3
The gnoll hits you from afar with a +0 halberd!
Ouch! That really hurt!
The gnoll hits you from afar with a +0 halberd!
Ouch! That really hurt!
You die...

########### #.........#
#.#######.# #.##......#
#.##.###..# #.##.#
#..########## #.##.#
#...@.ggg...# #.##.#
##.########.# #.##.# #.#
#.# ######.##.# #.# #.#
.......##.# #.# #g#
#########.# #.# #g#
####.# #<########.#
######....####.......##.#
...........<...#####.##.#


You could see 3 gnolls.

Vanquished Creatures
  A gnoll (D:2)
  An adder (D:2)
  4 bats
  4 endoplasms
  A goblin (D:1)
  4 hobgoblins (D:2)
  A quokka (D:1)
  3 ball pythons
  A frilled lizard (D:2)
  2 rats
22 creatures vanquished.

Notes
Turn   | Place    | Note
-------+----------+-------------------------------------------
     0 | D:1      | Sixotanaka the Merfolk Ice Elementalist began the quest for
                  | the Orb.
     0 | D:1      | Reached XP level 1. HP: 13/13 MP: 3/3
   245 | D:1      | Found a faded altar of an unknown god.
   269 | D:1      | Became a worshipper of Vehumet
   269 | D:1      | Reached * piety under Vehumet
   269 | D:1      | Offered knowledge of Sandblast by Vehumet.
   782 | D:1      | Reached XP level 2. HP: 19/19 MP: 5/5
  1089 | D:2      | Reached skill level 5 in Ice Magic
  1385 | D:2      | Reached skill level 1 in Polearms
  1385 | D:2      | Reached XP level 3. HP: 18/24 MP: 1/6
  1579 | D:2      | Found a shimmering altar of Xom.
  1733 | D:2      | Slain by a gnoll

Illustrated notes

Levels and vault maps discovered:
D:1:      onia_arrival_pyramid, layout_loops_corners,
          shapermc_ecumenical_altar_totnotflames, chequers_serial_rivers_room_b
D:2:      layout_loops_ring, basic_altar

Skill      XL: |  1  2 |
---------------+-------+-----
Ice Magic      | 5 |  5.5
Polearms       | 1 |  1.6
Dodging        | |  2.6
Stealth        | |  2.1
Spellcasting   | |  2.0

Action                   || total
-------------------------++-------
Melee: Dagger            ||     2
       Unarmed           ||     1
       Spear             ||    11
 Cast: Freeze            ||    29
 Stab: Sleeping          ||     4
Armor: Robe              ||    16
Dodge: Dodged            ||    32

Table legend: (Time is in decaauts)
 A = Elapsed time spent in this place.
 B = Non-inter-level travel time spent in this place.
 C = Inter-level travel time spent in this place.
 D = Time resting spent in this place.
 E = Time spent auto-exploring this place.
 F = Levels seen in this place.
 G = Mean time per level.
                   A        B        C        D        E       F      G
               +--------+--------+--------+--------+--------+-----+--------+
         Total |   1732 |   1680 |     52 |    264 |   1196 |   2 |  866.0 |
       Dungeon |   1732 |   1680 |     52 |    264 |   1196 |   2 |  866.0 |
               +--------+--------+--------+--------+--------+-----+--------+

Top non-repeatable levels by time:
     D:1: 1042 daAuts
     D:2: 690 daAuts
